 Dungeon Crawl Stone Soup version 0.27-a0-1147-gb3d8e82157 (webtiles) character file.

Game seed: 5349226007799675017

347 Zardul the Skirmisher (level 6, -1/61 HPs)
             Began as an Ogre Arcane Marksman on May 11, 2021.
             Killed from afar by a white imp (5 damage)
             ... with a puff of frost
             ... summoned by Natasha
             ... on level 4 of the Dungeon.
             The game lasted 00:33:44 (7619 turns).

Zardul the Skirmisher (Ogre Arcane Marksman)        Turns: 7619, Time: 00:33:45

Health: -1/61      AC:  3    Str: 16    XL:     6   Next: 59%
Magic:  7/7        EV: 10    Int: 14    God:
Gold:   165        SH:  0    Dex: 10    Spells: 6/7 levels left

rFire    . . .     SeeInvis .   g - +0 mace
rCold    . . .     Faith    +   (no shield)
rNeg     . . .     Spirit   .   a - +0 robe
rPois    .         Reflect  .   (helmet restricted)
rElec    .         Harm     .   (no cloak)
rCorr    .         Rampage  .   (gloves unavailable)
Will     .....                  (boots unavailable)
Stlth    +.........             t - amulet of faith
HPRegen  0.20/turn              (no ring)
MPRegen  0.10/turn              (no ring)

@: no status effects
A: large, unfitting armour, tough skin 1
a: no special abilities


You were on level 4 of the Dungeon.
You visited 1 branch of the dungeon, and saw 4 of its levels.
You also visited: Ossuary.

You collected 165 gold pieces.

Inventory:

Hand Weapons
 c - a +0 short sword
 e - a +0 club
 g - a +0 mace (weapon)
 h - a +0 dagger
 j - a +0 short sword
 p - a +0 short sword
 q - a +0 whip
 v - a +0 hunting sling
Missiles
 b - 119 stones
 d - 2 throwing nets
 l - 2 large rocks (quivered)
Armour
 a - a +0 robe (worn)
 i - a +0 robe
 k - a +0 robe
 m - a +0 chain mail
 u - a +0 leather armour
Jewellery
 t - an amulet of faith (around neck)
Scrolls
 o - a scroll of fog {unknown}
 y - a scroll of teleportation {unknown}
 A - a scroll of magic mapping
 C - a scroll of vulnerability {unknown}
 D - 2 scrolls of identify {unknown}
Potions
 f - a potion of haste {unknown}
 n - a potion of resistance {unknown}
 r - a potion of degeneration {unknown}
 s - 3 potions of curing {unknown}
 w - a potion of lignification {unknown}
 x - 2 potions of attraction {unknown}
 z - a potion of heal wounds
 B - a potion of invisibility {unknown}
 E - 2 potions of flight {unknown}
 F - a potion of might {unknown}


   Skills:
 + Level 3.6 Fighting
 + Level 3.4 Maces & Flails
 + Level 2.5 Throwing
 + Level 3.1 Dodging
 + Level 1.0 Stealth
 + Level 0.5 Unarmed Combat
 + Level 1.2 Spellcasting
 + Level 3.2 Hexes


You had 6 spell levels left.
You knew the following spells:

 Your Spells              Type           Power      Damage    Failure   Level
a - Corona                Hex            10%        N/A       7%          1

Your spell library contained the following spells:

 Spells                   Type           Power      Damage    Failure   Level
 Slow                     Hex            9%         N/A       11%         2
 Magic Dart               Conj           0%         1d3       26%         1
 Summon Small Mammal      Summ           0%         N/A       26%         1
 Call Imp                 Summ           0%         N/A       36%         2
 Searing Ray              Conj           0%         3d3       36%         2
 Dazzling Flash           Conj/Hex       10%        N/A       38%         3
 Inner Flame              Hex/Fire       5%         N/A       38%         3
 Portal Projectile        Hex/Tloc       10%        N/A       38%         3
 Summon Guardian Golem    Hex/Summ       5%         N/A       38%         3
 Cause Fear               Hex            4%         N/A       56%         4
 Call Canine Familiar     Summ           0%         N/A       61%         3
 Fulminant Prism          Conj/Hex       2%         3d6       80%         4
 Leda's Liquefaction      Hex/Erth       2%         N/A       80%         4
 Iskenderun's Mystic Bla  Conj/Tloc      0%         2d3       95%         4
 Summon Ice Beast         Ice/Summ       0%         N/A       95%         4
 Summon Lightning Spire   Summ/Air       0%         N/A       95%         4


Dungeon Overview and Level Annotations

Branches:
Dungeon (4/15)            Ossuary (visited)
 Temple: D:4-7

Altars:
Dithmenos

Annotations:
D:4 Natasha


Innate Abilities, Weirdness & Mutations

You are too large for most types of armour.
You have tough skin. (AC +1)


Message History

You hit Natasha but do no damage. Natasha barely misses you.
You hit Natasha.
Natasha is moderately wounded.
Natasha barely misses you.
You hit Natasha.
Natasha is severely wounded.
Natasha stares at you and mumbles some strange words.
The magic dart hits you!
You hit Natasha.
Natasha is almost dead.
Natasha drinks a potion.
Natasha is healed!
Natasha misses you.
You hit Natasha but do no damage. Natasha claws you!
You closely miss Natasha. Natasha claws you.
You barely miss Natasha. Natasha claws you.
You barely miss Natasha. Natasha claws you.
Natasha wildly gestures.
You feel disoriented. Natasha claws you.
You barely miss Natasha. Natasha claws you!
You barely miss Natasha. Natasha claws you but does no damage.
You barely miss Natasha. Natasha claws you.
You hit Natasha.
Natasha is moderately wounded.
Natasha casts a spell.
Natasha claws you!
* * * LOW HITPOINT WARNING * * *
You barely miss Natasha.
Natasha is lightly wounded.
Natasha claws you.
* * * LOW HITPOINT WARNING * * *
You barely miss Natasha.
Natasha is lightly wounded.
Natasha closely misses you. The white imp gestures at you.
The puff of frost hits you!
* * * LOW HITPOINT WARNING * * *
Natasha barely misses you. The white imp gestures at you.
The puff of frost hits you.
You die...

# #......# #...# .# ..
#....# # ....# #.## ..#
#?.#.#.#....# .#.# ...#
##..##.#.....# #.##
....##....##......# .##
$........5.........# ##
..........h..........# #
#.......##....##......#
.#......#.##@.##.#.....#
......#.#.#..#.#.#....##
.....##.#....#.##.....#
#...#.##......##.#....#
#..#.#..........#.#...#
##..##............##...#
#..#................#..#
#......................#
#.###..###############.#


You could see Natasha and a white imp (summoned).

Vanquished Creatures
  3 centaur zombies
  An orc wizard (D:4)
  Natasha (twice) (D:4)
  A hound skeleton (D:4)
  A mummy (Ossuary)
  7 adders
  A dart slug (D:3)
  6 orcs
  8 ball pythons
  6 endoplasms
  2 giant cockroaches
  6 goblins
  4 hobgoblins
  9 jackals (D:1)
  11 kobolds
  2 quokkas
  3 bats
  3 frilled lizards
  A gnoll zombie (Ossuary)
  A goblin zombie (Ossuary)
  An orc zombie (D:4)
  8 rats
87 creatures vanquished.

Vanquished Creatures (others)
  An orc wizard (D:4)
  10 plants
11 creatures vanquished.

Grand Total: 98 creatures vanquished

Notes
Turn   | Place    | Note
-------+----------+-------------------------------------------
     0 | D:1      | Zardul the Ogre Arcane Marksman began the quest for the
                  | Orb.
     0 | D:1      | Reached XP level 1. HP: 19/19 MP: 2/2
   114 | D:1      | Reached XP level 2. HP: 12/27 MP: 3/3
   811 | D:1      | Found a faded altar of an unknown god.
   956 | D:1      | Reached XP level 3. HP: 33/33 MP: 4/4
  2777 | D:2      | Reached skill level 1 in Maces & Flails
  2777 | D:2      | Reached XP level 4. HP: 20/42 MP: 5/5
  5158 | D:3      | Reached XP level 5. HP: 50/50 MP: 6/6
  5200 | D:3      | Found a shadowy altar of Dithmenos.
  5601 | D:4      | Noticed Natasha
  5606 | D:4      | Killed Natasha
  5610 | D:4      | Found a sand-covered staircase.
  6239 | Ossuary  | Entered an ossuary
  6294 | Ossuary  | Reached skill level 1 in Stealth
  6294 | Ossuary  | Reached XP level 6. HP: 40/61 MP: 7/7
  7035 | D:4      | Noticed Natasha
  7315 | D:4      | Killed Natasha
  7595 | D:4      | Noticed Natasha
  7614 | D:4      | HP: 3/61 [white imp/puff of frost[Natasha] (9)]
  7619 | D:4      | Killed from afar by a white imp

Illustrated notes

Levels and vault maps discovered:
D:1:      onia_arrival_pyramid, layout_basic, serial_forest,
          infiniplex_forest_straight_1, infiniplex_forest_split,
          infiniplex_forest_clump_diagonal, infiniplex_forest_end_2,
          infiniplex_forest_clump_curved, infiniplex_forest_zigzag_2,
          infiniplex_forest_clump_large, ebering_ecumenical_altar_box,
          hangedman_glass_teeth, supply_closet_lemuel
D:2:      layout_loops_corners, serial_forest, infiniplex_forest_lined_room_3,
          infiniplex_forest_lined_ring, infiniplex_forest_lined_3,
          infiniplex_forest_straight_3, infiniplex_forest_lined_4_way,
          infiniplex_forest_clump_double, infiniplex_forest_fountain,
          infiniplex_forest_split
D:3:      layout_loops_corners, marbit_many_paths, serial_bayou,
          serial_bayou_pond_a, serial_bayou_lagoon_b, serial_bayou_ford_a,
          serial_bayou_shore_a, serial_bayou_pond_d
D:4:      minmay_inner_zag, layout_loops_corners, enter_ossuary_3,
          minmay_misc_feat_secret_circle, uniq_natasha, uniq_grinder

Skill      XL: |  1  2  3  4  5  6 |
---------------+-------------------+-----
Dodging        | 2 3 |  3.1
Hexes          | 3 |  3.2
Fighting       | 2 3 |  3.6
Maces & Flails | 1 2 3 |  3.4
Stealth        | 1 |  1.0
Throwing       | |  2.5
Unarmed Combat | |  0.5
Spellcasting   | |  1.2

Action                   |  1- 3 |  4- 6 || total
-------------------------+-------+-------++-------
Melee: Unarmed           |    33 |       ||    33
       Mace              |   119 |   231 ||   350
       Club              |     9 |       ||     9
Throw: Large rock        |    20 |    19 ||    39
       Stone             |       |     1 ||     1
  Use: Scroll            |       |     1 ||     1
 Stab: Sleeping          |       |     2 ||     2
Armor: Robe              |    57 |    65 ||   122
Dodge: Dodged            |    95 |   149 ||   244

Table legend: (Time is in decaauts)
 A = Elapsed time spent in this place.
 B = Non-inter-level travel time spent in this place.
 C = Inter-level travel time spent in this place.
 D = Time resting spent in this place.
 E = Time spent auto-exploring this place.
 F = Levels seen in this place.
 G = Mean time per level.
                   A        B        C        D        E       F      G
               +--------+--------+--------+--------+--------+-----+--------+
         Total |   7804 |   7727 |     77 |   2624 |   2957 |   5 | 1560.8 |
       Dungeon |   7371 |   7294 |     77 |   2338 |   2957 |   4 | 1842.8 |
       Ossuary |    432 |    432 |      0 |    286 |      0 |   1 |  432.0 |
               +--------+--------+--------+--------+--------+-----+--------+

Top non-repeatable levels by time:
     D:3: 2258 daAuts
     D:1: 2248 daAuts
     D:2: 1491 daAuts
     D:4: 1373 daAuts
 Ossuary: 432 daAuts
